Map: Romanticide LE

Players

Reynor - Winner!

  • Race: Zerg Zerg

Trap

  • Race: Protoss Protoss

Event: TSL 7

VOD

Have the link to the VOD?

Description

Time

  • Played on: June 27, 2021, 9:56 a.m.
  • Length: 15:13

All games in this series

Show
View Real Time Build Order
Export as new Build Order

Reynor Zerg - Winner!

Build Orders: Hatch First 

Get SALT Encoding   

  12  0:00  Drone  
  13  0:12  Overlord  
  13  0:17  Drone  
  14  0:30  Drone x2  
  16  0:49  Hatchery  
  15  0:52  Drone  
  15  0:55  Drone  
  17  0:58  Drone  
  18  1:11  Extractor  
  17  1:14  Spawning Pool  
  17  1:18  Drone  
  17  1:20  Drone  
  18  1:27  Drone  
  19  1:38  Drone  
  20  1:49  Overlord  
  20  2:00  Queen  
  22  2:02  Queen, Drone x2  
  26  2:12  Zergling x2  
  26  2:13  Drone  
  26  2:14  Metabolic Boost  
  28  2:22  Zergling x2  
  29  2:23  Drone  
  30  2:36  Hatchery  
  29  2:38  Drone  
  29  2:41  Drone  
  29  2:42  Drone  
  32  2:46  Overlord  
  32  2:53  Queen  
  32  2:55  Drone  
  32  2:58  Drone  
  36  3:04  Overlord  
  36  3:05  Drone  
  36  3:09  Queen  
  36  3:12  Drone  
  40  3:14  Zergling x2  
  40  3:16  Zergling x2  
  40  3:18  Drone  
  43  3:21  Overlord  
  43  3:28  Queen  
  43  3:29  Drone  
  43  3:31  Drone  
  47  3:39  Overlord  
  47  3:40  Drone  
  48  3:47  Evolution Chamber  
  48  3:48  Queen  
  47  3:49  Drone  
  47  3:50  Drone  
  47  3:53  Queen  
  53  3:55  Drone  
  53  3:59  Drone x2  
  53  4:02  Drone x2  
  58  4:03  Zergling x2  
  58  4:07  Drone  
  60  4:12  Overlord  
  60  4:13  Zergling x2  
  60  4:15  Drone x3  
  63  4:21  Zerg Melee Weapons Level 1  
  63  4:22  Overlord  
  63  4:24  Drone  
  63  4:26  Drone  
  63  4:30  Queen  
  67  4:33  Overlord  
  67  4:35  Drone x2  
  67  4:38  Spore Crawler  
  68  4:40  Drone x2  
  68  4:41  Drone  
  68  4:43  Drone  
  70  4:46  Drone  
  70  4:47  Drone  
  70  4:48  Drone  
  70  4:50  Drone  
  70  4:51  Drone  
  75  4:56  Baneling Nest, Drone x2  
  77  5:00  Zergling x2  
  77  5:02  Drone x3  
  77  5:09  Overlord  
  77  5:10  Drone x3  
  77  5:11  Drone  
  77  5:12  Drone  
  82  5:21  Zergling x4  
  82  5:24  Overlord  
  82  5:25  Drone x2  
  82  5:28  Spore Crawler, Drone  
  86  5:31  Extractor  
  86  5:32  Hatchery  
  86  5:34  Drone x3  
  86  5:35  Drone x2  
  89  5:37  Lair  
  89  5:42  Overlord, Queen  
  89  5:45  Queen  
  89  5:49  Zergling x8  
  97  5:51  Drone x2  
  97  5:53  Extractor  
  97  5:55  Extractor  
  97  5:58  Drone  
  97  5:59  Drone x2  
  97  6:02  Extractor, Drone x4  
  97  6:03  Extractor, Drone  
  103  6:10  Overlord  
  103  6:11  Zergling x4, Evolution Chamber  
  104  6:19  Zergling x10  
  104  6:21  Overlord  
  104  6:24  Drone x3  
  104  6:25  Queen  
  110  6:30  Overlord  
  107  6:35  Drone x2  
  107  6:38  Queen, Zerg Melee Weapons Level 2  
  111  6:41  Zerg Ground Armor Level 1  
  111  6:43  Drone x7  
  111  6:45  Queen  
  111  6:46  Queen  
  120  6:54  Infestation Pit  
  120  6:57  Overlord  
  120  7:00  Queen  
  121  7:04  Drone x6  
  121  7:06  Extractor x2  
  121  7:07  Centrifical Hooks  
  125  7:08  Overlord  
  125  7:10  Drone  
  125  7:12  Spore Crawler  
  125  7:14  Queen  
  127  7:20  Zergling x22  
  136  7:27  Queen  
  137  7:33  Pneumatized Carapace  
  137  7:34  Zergling x8  
  137  7:36  Drone x4  
  137  7:37  Drone x2  
  142  7:40  Overlord  
  142  7:43  Zergling x10  
  147  7:53  Zergling x8  
  147  7:54  Baneling x7  
  147  7:55  Baneling  
  147  7:57  Hive, Hatchery  
  150  8:00  Spore Crawler  
  150  8:01  Overseer  
  150  8:05  Overlord  
  149  8:07  Spire  
  149  8:08  Zergling x12  
  154  8:18  Overlord  
  151  8:26  Overlord  
  146  8:27  Drone x10  
  146  8:33  Baneling x7  
  156  8:35  Overlord  
  156  8:37  Zerg Ground Armor Level 2  
  156  8:43  Overlord  
  155  8:53  Extractor x2  
  145  9:00  Drone x2  
  147  9:04  Spore Crawler x2, Queen  
  147  9:05  Queen  
  147  9:08  Overlord  
  149  9:11  Ultralisk Cavern, Adrenal Glands  
  149  9:13  Viper x3, Zerg Melee Weapons Level 3  
  157  9:19  Zergling x4  
  157  9:20  Zergling x32  
  157  9:21  Zerg Flyer Weapons Level 1  
  175  9:25  Spore Crawler  
  174  9:32  Corruptor x4  
  174  9:36  Corruptor  
  186  9:42  Drone x4  
  186  9:43  Hatchery  
  187  9:53  Corruptor x6  
  187  9:55  Overlord  
  187  9:58  Chitinous Plating  
  198  10:12  Extractor  
  195  10:15  Corruptor x3  
  195  10:26  Zergling x8, Ultralisk  
  199  10:30  Overlord  
  170  10:53  Zergling x20, Ultralisk x4  
  170  10:54  Zergling x4  
  183  11:00  Ultralisk  
  183  11:01  Zergling x14, Ultralisk  
  183  11:03  Corruptor  
  198  11:14  Zergling x6  
  181  11:26  Zergling x8  
  181  11:27  Overlord  
  181  11:30  Ultralisk  
  181  11:31  Ultralisk  
  181  11:39  Zergling x8, Ultralisk x2  
  184  11:40  Zergling x2  
  177  11:47  Viper  
  177  11:51  Zergling x16  
  187  11:54  Overlord, Hatchery  
  187  12:00  Zerg Flyer Weapons Level 2  
  186  12:03  Baneling x7  
  186  12:05  Corruptor  
  188  12:11  Overlord  
  188  12:13  Corruptor  
  188  12:14  Corruptor  
  190  12:27  Extractor  
  182  12:33  Corruptor x4  
  187  12:37  Zergling x16  
  187  12:43  Hatchery  
  187  12:44  Corruptor x2  
  192  12:50  Corruptor x2  
  194  12:56  Corruptor  
  196  13:01  Corruptor  
  198  13:11  Baneling x3, Spore Crawler  
  198  13:12  Spore Crawler, Corruptor x2  
  195  13:19  Corruptor  
  196  13:26  Corruptor  
  196  13:27  Corruptor  
  194  13:29  Queen  
  194  13:31  Spore Crawler  
  194  13:32  Spore Crawler  
  194  13:33  Spore Crawler  
  197  13:39  Spore Crawler  
  197  13:40  Spore Crawler  
  160  13:57  Ultralisk x2  
  160  13:58  Zergling x24, Ultralisk  
  160  14:00  Overlord  
  170  14:13  Ultralisk x2  
  170  14:14  Zergling x12  
  174  14:28  Ultralisk  
  174  14:29  Zergling x20  
  187  14:39  Zergling x8  
  187  14:44  Zergling x2  
  199  14:51  Zergling x16  
  186  14:55  Zergling x8  
Show
View Real Time Build Order
Export as new Build Order

Trap Protoss 

Build Orders: 1 Gate Expand, Oracle Opening 

Get SALT Encoding   

  12  0:00  Probe  
  13  0:13  Pylon  
  13  0:17  Probe (Chrono Boost)  
  14  0:26  Probe (Chrono Boost)  
  15  0:31  Probe (Chrono Boost)  
  16  0:41  Gateway  
  16  0:43  Probe  
  17  0:51  Assimilator  
  17  0:55  Probe  
  18  1:08  Probe  
  19  1:20  Probe  
  20  1:27  Nexus  
  20  1:35  Cybernetics Core  
  20  1:38  Probe  
  21  1:44  Assimilator  
  21  1:50  Probe  
  22  1:55  Pylon  
  22  2:02  Probe (Chrono Boost)  
  23  2:10  Adept (Chrono Boost)  
  23  2:11  Warp Gate  
  23  2:14  Probe (Chrono Boost)  
  27  2:23  Probe (Chrono Boost)  
  27  2:28  Stargate  
  27  2:29  Probe (Chrono Boost)  
  27  2:33  Adept  
  30  2:40  Probe (Chrono Boost)  
  32  2:46  Probe (Chrono Boost)  
  32  2:49  Probe (Chrono Boost)  
  33  2:53  Probe (Chrono Boost)  
  33  2:54  Probe (Chrono Boost)  
  35  3:02  Void Ray (Chrono Boost)  
  35  3:04  Adept  
  35  3:05  Probe  
  38  3:06  Probe  
  43  3:15  Pylon  
  43  3:17  Probe  
  43  3:18  Probe  
  45  3:24  Gateway  
  45  3:29  Probe  
  45  3:33  Probe  
  47  3:36  Oracle (Chrono Boost)  
  50  3:42  Probe  
  50  3:44  Pylon  
  50  3:45  Probe  
  52  3:56  Nexus  
  52  3:58  Probe  
  52  3:59  Probe  
  54  4:06  Assimilator  
  54  4:07  Assimilator  
  54  4:08  Shield Battery  
  54  4:12  Probe x2  
  56  4:20  Stargate  
  56  4:22  Pylon  
  56  4:23  Void Ray  
  56  4:24  Probe x2  
  62  4:35  Pylon  
  62  4:40  Probe x2  
  62  4:43  Robotics Facility  
  64  4:49  Pylon  
  64  4:52  Probe x2  
  66  5:00  Void Ray  
  66  5:02  Void Ray  
  66  5:04  Probe x2 (Chrono Boost)  
  72  5:09  Probe (Chrono Boost)  
  77  5:16  Probe x2 (Chrono Boost)  
  77  5:19  Probe (Chrono Boost)  
  77  5:20  Forge  
  80  5:21  Probe x2 (Chrono Boost)  
  80  5:24  Probe (Chrono Boost)  
  80  5:28  Pylon  
  83  5:30  Probe  
  83  5:31  Probe  
  83  5:35  Robotics Bay, Void Ray (Chrono Boost)  
  85  5:36  Assimilator  
  85  5:37  Pylon  
  85  5:38  Assimilator  
  85  5:39  Void Ray (Chrono Boost)  
  93  5:50  Probe x2  
  93  5:51  Probe  
  96  5:59  Observer  
  96  6:02  Photon Cannon  
  97  6:04  Pylon  
  97  6:05  Probe x3  
  100  6:11  Pylon  
  100  6:16  Void Ray x2  
  97  6:25  Protoss Air Weapons Level 1  
  105  6:33  Zealot x2  
  105  6:34  Protoss Ground Weapons Level 1 (Chrono Boost)  
  105  6:38  Disruptor (Chrono Boost)  
  109  6:40  Gateway  
  109  6:41  Gateway  
  112  6:49  Fleet Beacon  
  112  6:52  Probe x3  
  115  6:55  Pylon  
  115  6:59  Nexus  
  115  7:03  Pylon  
  115  7:05  Disruptor (Chrono Boost)  
  115  7:08  Photon Cannon  
  118  7:11  Stargate  
  118  7:16  Zealot x2  
  120  7:23  Photon Cannon  
  120  7:28  Photon Cannon  
  120  7:34  Carrier (Chrono Boost)  
  120  7:36  Carrier (Chrono Boost)  
  131  7:46  Nexus, Twilight Council  
  131  7:48  Shield Battery  
  131  7:50  Shield Battery  
  131  7:52  Photon Cannon  
  131  7:53  Probe x2  
  131  7:54  Probe  
  140  8:05  Carrier (Chrono Boost)  
  140  8:13  Photon Cannon  
  140  8:14  Photon Cannon  
  140  8:15  Sentry x2  
  144  8:21  Photon Cannon  
  144  8:23  Probe x3  
  147  8:30  Photon Cannon  
  147  8:32  Assimilator  
  147  8:36  Pylon  
  147  8:38  Charge, Assimilator  
  147  8:42  Pylon  
  147  8:51  Carrier (Chrono Boost)  
  147  8:54  Disruptor (Chrono Boost)  
  156  8:55  Carrier (Chrono Boost)  
  156  8:57  Pylon  
  156  9:00  Pylon  
  162  9:04  Probe x4  
  166  9:12  Templar Archives  
  166  9:18  Protoss Ground Weapons Level 2 (Chrono Boost), Gateway  
  166  9:19  Gateway  
  166  9:22  Gateway  
  166  9:23  Observer  
  166  9:28  Warp Prism (Chrono Boost)  
  168  9:32  Gateway  
  168  9:35  Gateway  
  168  9:38  Gateway  
  168  9:44  Photon Cannon  
  168  9:53  High Templar x4  
  168  9:58  Archon x2  
  176  10:01  Flux Vanes  
  172  10:22  Zealot  
  172  10:23  Zealot  
  172  10:24  Zealot  
  172  10:25  Zealot x2  
  172  10:26  Zealot x3  
  188  10:34  Zealot  
  188  10:35  Zealot  
  170  10:49  Protoss Air Weapons Level 2  
  160  10:52  High Templar x4  
  160  10:53  High Templar x2  
  160  10:54  High Templar x2  
  160  10:55  Zealot x2  
  160  10:58  Archon x3  
  160  10:59  Archon, Void Ray  
  160  11:00  Probe x4  
  160  11:02  Void Ray  
  156  11:07  Void Ray  
  164  11:20  Zealot x2  
  164  11:25  Zealot x6  
  140  11:36  Void Ray (Chrono Boost)  
  140  11:39  Void Ray (Chrono Boost)  
  122  11:44  Void Ray (Chrono Boost)  
  110  11:48  Immortal (Chrono Boost)  
  111  11:55  Robotics Facility  
  107  12:01  Zealot x2  
  107  12:02  Zealot x6  
  107  12:03  Nexus  
  107  12:08  Void Ray (Chrono Boost)  
  123  12:09  High Templar x2, Void Ray (Chrono Boost)  
  123  12:14  Archon  
  135  12:18  Void Ray (Chrono Boost)  
  115  12:39  Immortal (Chrono Boost)  
  97  12:47  Zealot x5  
  107  12:53  High Templar x4  
  107  12:56  Pylon  
  115  13:08  Warp Prism (Chrono Boost), Archon x2  
  111  13:31  Zealot, High Templar x4  
  111  13:32  Zealot x3  
  125  13:38  Archon x2  
  125  13:42  Immortal (Chrono Boost)  
  105  14:03  Zealot, High Templar x2  
  105  14:04  Zealot x4  
  105  14:08  Archon  
  97  14:30  Zealot x4, High Templar x2  
  103  14:34  Archon  
  91  14:49  Zealot x6  
Tags
 
Add a new tag
Caveats
  • Supply blocks, unpowered buildings, or Contaminate may cause inaccurate times.
  • Supply counts are checked every 10 seconds.